 Dungeon Crawl Stone Soup version 0.23-a0-49-gd9f7a49 (webtiles) character file.

133 Amnesiac the Digger (level 4, -1/30 HPs)
             Began as a Mummy Earth Elementalist on Aug 6, 2018.
             Was an Initiate of Vehumet.
             Slain by a kobold
             ... wielding a +0 short sword of protection
              (7 damage)
             ... on level 1 of the Dungeon.
             The game lasted 00:03:31 (2253 turns).

Amnesiac the Digger (Mummy Earth Elementalist)      Turns: 2253, Time: 00:03:32

Health: -1/30      AC:  3    Str: 11    XL:     4   Next: 93%
Magic:  1/10       EV: 12    Int: 15    God:    Vehumet [......]
Gold:   82         SH:  0    Dex: 12    Spells: 1/11 levels left

rFire    x . .     SeeInvis .   a - +0 scimitar
rCold    + . .     Gourm    .   (no shield)
rNeg     + + +     Faith    .   e - +0 robe {rN+}
rPois    ∞         Spirit   .   f - +0 helmet
rElec    .         Reflect  .   (no cloak)
rCorr    .         Harm     .   (no gloves)
MR       .....                  (no boots)
Stlth    ++........             d - amulet of inaccuracy (curse)
HPRegen  0.10/turn              (no ring)
MPRegen  0.12/turn              (no ring)

@: very slightly contaminated
A: no food or potions, fire vulnerability, cold resistance 1, negative energy
resistance 3, torment resistance, unbreathing
a: Renounce Religion


You were on level 1 of the Dungeon.
You worshipped Vehumet.
Vehumet was noncommittal.
You were not hungry.

You visited 2 branches of the dungeon, and saw 5 of its levels.

You collected 82 gold pieces.

Inventory:

Hand Weapons
 a - a +0 scimitar (weapon)
 c - a cursed -3 short sword
 i - a +0 hand axe of venom
Missiles
 b - 52 stones (quivered)
Armour
 e - a +0 robe of positive energy (worn)
 f - a +0 helmet (worn)
Jewellery
 d - a cursed amulet of inaccuracy (around neck)
Wands
 g - a wand of scattershot (5)
Scrolls
 h - a scroll of amnesia {!r}
 j - a scroll of identify {!r}


   Skills:
 - Level 1.5 Dodging
 - Level 1.5 Stealth
 + Level 4.1 Spellcasting
 - Level 0.7 Transmutations
 * Level 4.1 Earth Magic


You had one spell level left.
You knew the following spells:

 Your Spells              Type           Power        Failure   Level  Hunger
a - Stone Arrow           Conj/Erth      #.....       22%         3    N/A
b - Passwall              Tmut/Erth      ##......     10%         2    N/A
c - Sandblast             Erth           ###...       3%          1    N/A
e - Petrify               Tmut/Erth      ##......     54%         4    N/A

Your spell library contained the following spells:

 Spells                   Type           Power        Failure   Level  Hunger
 Lee's Rapid Deconstruct  Erth           ###.......   65%         5    N/A

Dungeon Overview and Level Annotations

Branches:
Dungeon (4/15)             Temple (1/1) D:4

Altars:
Cheibriados
Dithmenos
Fedhas
Gozag
Kikubaaqudgha
Makhleb
Qazlal
Ru
Sif Muna
Trog
Uskayaw
Vehumet
Wu Jian
Xom
Zin
The Shining One


Innate Abilities, Weirdness & Mutations

You do not eat or drink.
Your flesh is vulnerable to fire.
You are immune to poison.
Your flesh is cold resistant. (rC+)
You are immune to negative energy. (rN+++)
You are immune to unholy pain and torment.
You can survive without breathing.


Message History

Casting: Stone Arrow (safe; 22% risk of failure)
Confirm with . or Enter, or press ? or * to list all spells.
You don't have enough magic to cast that spell.
You miss the leopard gecko. The leopard gecko bites you.
* * * LOW HITPOINT WARNING * * *
The leopard gecko closely misses you.
You riposte.
You barely miss the leopard gecko. You completely miss the leopard gecko.
The leopard gecko bites you.
* * * LOW HITPOINT WARNING * * *
Casting: Stone Arrow (safe; 22% risk of failure)
Confirm with . or Enter, or press ? or * to list all spells.
Aiming: Sandblast (safe; 3% risk of failure)
Press: ? - help, Shift-Dir - straight line, f/p - goblin
Aim: a goblin, wielding a club The blast of sand hits the leopard gecko.
You kill the leopard gecko!
Vehumet accepts your kill.
b - 52 stones The kobold throws a stone.
The stone hits you but does no damage.
You slash the goblin!
You kill the goblin!
Vehumet accepts your kill.
Press: ? - help, v - describe, . - travel
Here: a kobold, wielding a short sword of protection The floor.
The kobold misses you.
You riposte.
You barely miss the kobold.
You see here a club.
You barely miss the kobold.
The kobold hits you with a short sword of protection.
* * * LOW HITPOINT WARNING * * *
The kobold closely misses you.
You riposte.
You hit the kobold but do no damage. You closely miss the kobold.
The kobold hits you with a short sword of protection.
* * * LOW HITPOINT WARNING * * *
Casting: Sandblast (safe; 3% risk of failure)
Confirm with . or Enter, or press ? or * to list all spells.
You don't know that spell.
Unknown command.
Your magical contamination has completely faded away.
Casting: Sandblast (safe; 3% risk of failure)
Confirm with . or Enter, or press ? or * to list all spells.
You don't have enough magic to cast that spell.
You see here 14 arrows.
You see here a giant cockroach corpse.
Casting: Sandblast (safe; 3% risk of failure)
Confirm with . or Enter, or press ? or * to list all spells.
Aiming: Stone Arrow (safe; 22% risk of failure)
Press: ? - help, Shift-Dir - straight line, f - kobold
Aim: a kobold, wielding a short sword of protection You miscast Stone Arrow.
You are very lightly contaminated with residual magic.
You feel a surge of energy from the ground.
The kobold closely misses you.
You riposte.
You closely miss the kobold. You closely miss the kobold.
The kobold hits you but does no damage.
You miss the kobold. The kobold misses you. The kobold completely misses you.
You miss the kobold. The kobold barely misses you.
You barely miss the kobold. The kobold misses you.
You barely miss the kobold. The kobold closely misses you.
The kobold hits you with a short sword of protection.
* * * LOW HITPOINT WARNING * * *
You miss the kobold.
The kobold hits you with a short sword of protection!
You die...

### #.#### #.....
###########.#### #...........#
...###### #.#############
#......# #.# #..
#######.##########.###########.##
......>.........@K(..........#.#.
######.###########.!.#######.#.#.
..)................#.# #####.#.#.
######.###########...# #.........
#.#### #...# ##.##.#.#. #....#
#..(# # #.#.#. #....# #...#
#.#.## #....# #.#.# #.#.# #....#
#.#.## #.#.#


You could see a kobold.

Vanquished Creatures
  An orc wizard (D:3)
  Jessica (D:3)
  3 adders
  A dart slug (D:3)
  2 leopard geckos
  4 orcs
  3 bats
  5 giant cockroaches
  2 goblins
  4 hobgoblins
  4 jackals (D:2)
  4 kobolds
  5 frilled lizards
  5 rats
44 creatures vanquished.

Notes
Turn   | Place    | Note
-------+----------+-------------------------------------------
     0 | D:1      | Amnesiac the Mummy Earth Elementalist began the quest for the Orb.
     0 | D:1      | Reached XP level 1. HP: 13/13 MP: 4/4
   413 | D:2      | Reached XP level 2. HP: 14/19 MP: 5/5
   417 | D:2      | Learned a level 2 spell: Passwall
   586 | D:2      | Reached XP level 3. HP: 22/24 MP: 7/7
   591 | D:2      | Learned a level 3 spell: Stone Arrow
   685 | D:3      | Noticed Jessica
   882 | D:3      | Killed Jessica
   882 | D:3      | Reached XP level 4. HP: 28/30 MP: 1/9
   907 | D:3      | Learned a level 4 spell: Petrify
   941 | D:3      | Found a glowing golden altar of the Shining One.
  1215 | D:3      | Found an ancient bone altar of Kikubaaqudgha.
  1662 | D:4      | Found a staircase to the Ecumenical Temple.
  1671 | Temple   | Entered the Ecumenical Temple
  1898 | Temple   | Became a worshipper of Vehumet
  2253 | D:1      | Slain by a kobold

Vault maps used:
D:1:      giann_bridges
D:2:      first_ration
D:3:      kiku_gazebo_pond_becter, nicolae_overflow_crystal_walls, uniq_natasha,
          uniq_jessica
D:4:      nemelex_xobeh_ov_fountains_minmay, minmay_temple_entry_glass
Temple:   eino_narrow_crystal_temple

Skill      XL: |  1  2  3  4 |
---------------+-------------+-----
Spellcasting   | 3 4 |  4.1
Earth Magic    | 3 4 |  4.1
Dodging        | |  1.5
Stealth        | |  1.5
Transmutations | |  0.7

Action                   |  1- 3 |  4- 6 || total
-------------------------+-------+-------++-------
Melee: Club              |    23 |       ||    23
       Scimitar          |    16 |    69 ||    85
 Cast: Sandblast         |    19 |    14 ||    33
       Stone Arrow       |       |    10 ||    10
  Use: Scroll            |     2 |     1 ||     3
 Stab: Sleeping          |     3 |       ||     3
Armor: Robe              |    18 |    24 ||    42
Dodge: Dodged            |    54 |    63 ||   117
       Rpst.: Scimitar   |     5 |    20 ||    25

Table legend:
 A = Spawn XP
 B = Non-spawn XP
 C = Spawn XP percentage of total XP
 D = Spawn monster count
 E = Non-spawn monster count
 F = Spawn count percentage of total count
 G = Total turns spent on level
                    A         B        C        D         E        F      G
               +---------+---------+-------+---------+---------+-------+---------
         Total |       0 |     190 |   0.0 |       0 |      44 |   0.0 |  2253
               +---------+---------+-------+---------+---------+-------+---------
           D:1 |       0 |      21 |   0.0 |       0 |      12 |   0.0 |   465
           D:2 |       0 |      64 |   0.0 |       0 |      21 |   0.0 |  1096
           D:3 |       0 |      89 |   0.0 |       0 |       9 |   0.0 |   336
           D:4 |       0 |      16 |   0.0 |       0 |       2 |   0.0 |   113
               +---------+---------+-------+---------+---------+-------+---------
